 Dungeon Crawl Stone Soup version 0.19.5 (webtiles) character file.

128054 RaHiT the Eclecticist (level 16, -11/122 HPs)
             Began as a Mummy Conjurer on May 8, 2017.
             Was a High Priest of Vehumet.
             Shot with an arrow by a deep elf knight (17 damage)
             ... on level 1 of the Elven Halls.
             The game lasted 05:17:21 (44209 turns).

RaHiT the Eclecticist (Mummy Conjurer)             Turns: 44209, Time: 05:17:22

Health: -11/122    AC: 10    Str: 12    XL:     16   Next: 47%
Magic:  3/44       EV: 18    Int: 21    God:    Vehumet [*****.]
Gold:   353        SH:  0    Dex: 12    Spells: 9 memorised, 15 levels left

rFire  . . .     SeeInvis .     A - staff of conjuration
rCold  + + .     Gourm    .     r - +2 robe {rC+ rF+}
rNeg   + + +     Faith    .     (no shield)
rPois  ∞         Spirit   .     k - +0 helmet
rElec  .         Reflect  .     t - +0 cloak
rCorr  .         Harm     .     l - +0 pair of gloves
MR     ++...                    H - +2 pair of boots {run}
Stlth  ++........               (no amulet)
                                y - ring of magical power
                                n - ring of wizardry

@: about to teleport, quick
A: no food or potions, fire vulnerability, cold resistance 1, negative energy
resistance 3, torment resistance, unbreathing, in touch with death 1
a: Renounce Religion


You were on level 1 of the Elven Halls.
You worshipped Vehumet.
Vehumet was extremely pleased with you.
You were not hungry.

You visited 5 branches of the dungeon, and saw 25 of its levels.
You also visited: Labyrinth, Sewer, Ossuary and Volcano.

You collected 2250 gold pieces.
You spent 1897 gold pieces at shops.

Inventory:

Hand Weapons
 j - a +2 demon trident of draining
 L - the +8 bow of Krishna "Sharnga" {speed, Dex+3 SInv}
   (You found it in a labyrinth)

   Attacks with this weapon are significantly faster.
   It affects your dexterity (+3).
   It lets you see invisible.
 M - the +5 dagger "Sitwooq" {speed, rElec Stlth+, unknown}
   (You found it in a labyrinth)

   Attacks with this weapon are significantly faster.
   It insulates you from electricity.
   It makes you more stealthy.
 P - the +4 flail "Tetumna" {crush, Dex+2, unknown}
   (You found it in a labyrinth)

   It inflicts extra damage upon your enemies.
   It affects your dexterity (+2).
Armour
 h - a +0 large shield
 k - a +0 helmet (worn)
 l - a +0 pair of gloves (worn)
 q - a +2 robe of magic resistance
 r - a +2 robe of resistance (worn)
 t - a +0 cloak (worn)
 H - a +2 pair of boots of running (worn)
 R - a +4 chain mail of cold resistance
 S - a +1 chain mail of cold resistance
Magical Staves
 A - an uncursed staff of conjuration (weapon)
Jewellery
 n - a ring of wizardry (left hand)
 w - an uncursed ring of ice
 y - a ring of magical power (right hand)
 z - an uncursed ring of flight
 E - the amulet "Relorch" {Inacc rF+ rC+ rN+ SInv}
   (You found it in a labyrinth)

   [amulet of inaccuracy]

   It reduces the accuracy of all your attacks.
   It protects you from fire.
   It protects you from cold.
   It protects you from negative energy.
   It lets you see invisible.
Wands
 c - a wand of iceblast (3/15)
 g - a wand of acid (5/15)
 m - a wand of polymorph (12/24)
 v - a wand of lightning (1/15)
 B - a wand of polymorph (8/24)
 G - a wand of acid (11/15)
 I - a wand of paralysis (16/24)
 J - a wand of digging (4/24)
 K - a wand of flame (8/48)
Scrolls
 a - 2 scrolls of recharging
 d - 15 scrolls of remove curse
 e - 3 scrolls of fog
 f - 3 scrolls of teleportation
 i - 3 scrolls of blinking
 p - 4 scrolls of enchant armour
 s - 2 scrolls of vulnerability
 x - 4 scrolls of fear
 C - a scroll of magic mapping
 F - 5 scrolls of amnesia


   Skills:
 - Level 10.1 Fighting
 - Level 10.3 Dodging
 - Level 1.5 Stealth
 * Level 15.8 Spellcasting
 - Level 15.0 Conjurations
 - Level 10.0 Evocations


You had 15 spell levels left.
You knew the following spells:

 Your Spells              Type           Power        Failure   Level  Hunger
a - Magic Dart            Conj           ####         0%          1    N/A
b - Iskenderun's Mystic   Conj           #######.     1%          4    N/A
c - Iskenderun's Battles  Conj/Chrm      ######..     1%          5    N/A
d - Conjure Flame         Conj/Fire      ######..     1%          3    N/A
e - Blink                 Tloc           N/A          3%          2    N/A
f - Mephitic Cloud        Conj/Pois/Air  ######..     1%          3    N/A
g - Irradiate             Conj/Tmut      ######....   1%          5    N/A
h - Iron Shot             Conj/Erth      ######....   3%          6    N/A
q - Searing Ray           Conj           ######       0%          2    N/A

Dungeon Overview and Level Annotations

Branches:
Dungeon (15/15)            Temple (1/1) D:4            Lair (6/6) D:9
 Shoals (0/4) Lair:3        Snake (0/4) Lair:2        Slime (0/5) Lair:5
    Orc (2/2) D:10            Elf (1/3) Orc:2        Vaults (0/5) D:13
 Depths (0/5) D:15

Altars:
Ashenzari
Cheibriados
Dithmenos
Elyvilon
Fedhas
Gozag
Hepliaklqana
Kikubaaqudgha
Makhleb
Nemelex Xobeh
Okawaru
Qazlal
Ru
Sif Muna
Trog
Uskayaw
Vehumet
Xom
Yredelemnul
Zin
The Shining One
Beogh

Shops:
D:4 *   D:9 *   Orc:2 (%(%:   Elf:1 ?(

Annotations:
Lair:2 exclusion: oklob plant
Lair:5 exclusion: oklob plant


Innate Abilities, Weirdness & Mutations

You do not eat or drink.
Your flesh is vulnerable to fire.
You are immune to poison.
Your flesh is cold resistant. (rC+)
You are immune to negative energy. (rN+++)
You are immune to unholy pain and torment.
You can survive without breathing.
You are in touch with the powers of death.


Message History

The mass of ice explodes!
The iceblast engulfs the deep elf knight.
The deep elf knight is almost dead.
This wand has 3 charges left.
The deep elf knight shoots an arrow.
The arrow hits you.
* * * LOW HITPOINT WARNING * * *
Evoke which item? (* to show all) (? for menu, Esc to quit)
Okay, then.
Press: ? - help, v - describe, . - travel, g - get item
Here: a deep elf knight, wielding a longbow of freezing (almost dead, fast)
A rapier.
The floor, spattered with blood.
Evoke which item? (* to show all) (? for menu, Esc to quit)
Zapping:
I - a wand of paralysis (will waste charges)
Press: ? - help, Shift-Dir - straight line, f/p - deep elf knight
Aim: a deep elf knight, wielding a longbow of freezing (almost dead, fast, chance to defeat MR: 18%)
The deep elf knight resists with almost no effort.
Evoking this partially-identified wand wasted a few charges.
The deep elf knight shoots an arrow.
The arrow hits you!
You die...

........#.##..)........#
....)..##. ##.##.###e..#
#.....###.######...).###
##...## #.......)#####
###'## ########.#
#...### #e# .###..###
#(# ## ###..# #)# ##.#
#@# #.# #(# #.# #.#
#.########)#
##....../()(# ##
###..##########
.###..### #...### #####


You could see a deep elf knight.

Vanquished Creatures
  Agnes (D:14)
  Donald (Orc:2)
  A deep elf sorcerer (Elf:1)
  Louise (D:15)
  Snorg (D:11)
  A deep elf death mage (Elf:1)
  Josephine (Lair:6)
  Fannar (Lair:1)
  4 hydras
  A minotaur (Lab)
  A rakshasa (D:15)
  6 death knights
  6 dancing weapons (Elf:1)
  An anaconda (Lair:6)
  2 centaur warriors (D:14)
  3 orc high priests (Orc:2)
  7 deep elf knights (Elf:1)
  Nergalle (Lair:1)
  2 skeletal warriors (D:13)
  The ghost of McKennaii the Thaumaturge, a novice DEFE of Vehumet (D:9)
  Sonja (Orc:2)
  6 unseen horrors
  5 hill giants
  8 deep elf archers (Elf:1)
  5 orc sorcerers (Orc:2)
  A wolf spider zombie (D:15)
  5 orc knights
  36 deep elf magi
  A wolf spider (D:15)
  The ghost of Salmoras the Bolt Thrower, a novice DsWn of Kikubaaqudgha (D:6)
  7 cyclopes
  A manticore (D:15)
  7 ugly things
  A faun (shapeshifter) (D:14)
  Maurice (Orc:2)
  3 black mambas
  7 elephants
  A torpor snail (Lair:5)
  4 centaur skeletons
  9 spiny frogs
  2 gargoyles (D:13)
  7 komodo dragons
  A freezing wraith (D:13)
  3 rime drakes
  A kobold demonologist (D:14)
  An efreet (D:14)
  2 polar bears
  3 meliai (D:13)
  9 trolls
  A jumping spider (shapeshifter) (D:15)
  A wind drake (Lair:6)
  4 two-headed ogres
  Grinder (D:3)
  27 blink frogs
  16 slime creatures
  10 dream sheep
  9 hippogriffs
  A centaur simulacrum (D:14)
  2 air elementals
  4 shadows
  10 redbacks
  A spriggan (D:9)
  A tarantella (shapeshifter) (Elf:1)
  60 yaks
  A vampire (D:13)
  5 wyverns
  6 wraiths
  4 basilisks
  4 fire elementals
  Sigmund (D:2)
  2 fire bats (Volcano)
  A water elemental (Elf:1)
  5 humans
  5 vampire mosquitoes
  4 hungry ghosts
  A mottled dragon (D:13)
  9 wargs
  6 nagas (Lair:2)
  7 porcupines
  28 orc warriors
  9 water moccasins
  4 sky beasts
  5 phantoms
  A black bear (D:13)
  2 ice beasts
  10 ogres
  5 wolves (Orc:2)
  18 centaurs
  15 crocodiles
  Blork the orc (D:4)
  2 wyvern zombies
  2 big kobolds (D:14)
  2 earth elementals
  15 bullfrogs
  A water moccasin zombie (D:9)
  5 scorpions
  5 killer bees (D:11)
  3 electric eels
  4 howler monkeys
  10 wights
  8 crimson imps
  8 centaur zombies
  A bullfrog zombie (D:12)
  A quasit (D:12)
  2 hounds
  26 orc priests
  3 bullfrog skeletons
  A human zombie (Ossuary)
  Crazy Yiuf (D:2)
  5 iguanas
  36 orc wizards
  11 worker ants
  A killer bee zombie (D:7)
  4 mummies (Ossuary)
  A hound skeleton (D:6)
  A hound zombie (D:6)
  Robin (D:2)
  16 adders
  8 gnolls
  10 river rats
  3 shadow imps
  2 oozes
  4 adder skeletons
  2 worms
  4 dart slugs
  11 leopard geckos
  108 orcs
  12 ball pythons
  12 giant cockroaches
  A gnoll zombie (Ossuary)
  21 goblins
  15 hobgoblins
  12 jackals
  3 quokkas
  12 bats
  10 frilled lizards
  2 hobgoblin zombies (Ossuary)
  A jackal zombie (D:5)
  4 kobolds
  An orc zombie (Ossuary)
  A quokka skeleton (D:5)
  32 rats
  2 fungi
  3 plants (Lair:6)
961 creatures vanquished.

Vanquished Creatures (collateral kills)
  A dire elephant (Lair:6)
1 creature vanquished.

Vanquished Creatures (others)
  A water elemental (D:12)
  3 bushes (D:9)
  A butterfly (D:4)
  12 fungi
  25 plants
42 creatures vanquished.

Grand Total: 1004 creatures vanquished

Notes
Turn   | Place    | Note
-------+----------+-------------------------------------------
     0 | D:1      | RaHiT the Mummy Conjurer began the quest for the Orb.
     0 | D:1      | Reached XP level 1. HP: 13/13 MP: 3/3
   389 | D:1      | Reached XP level 2. HP: 19/19 MP: 3/5
   393 | D:1      | Learned a level 2 spell: Searing Ray
  1292 | D:1      | Reached XP level 3. HP: 21/24 MP: 2/7
  1845 | D:2      | Reached XP level 4. HP: 27/30 MP: 5/10
  2003 | D:2      | Noticed Sigmund
  2159 | D:2      | Noticed Robin
  2312 | D:2      | Killed Robin
  2341 | D:1      | Learned a level 4 spell: Iskenderun's Mystic Blast
  2854 | D:3      | Found a glowing drain.
  2858 | Sewer    | Entered a sewer
  3164 | Sewer    | Reached XP level 5. HP: 35/35 MP: 9/12
  3225 | Sewer    | Reached skill level 5 in Spellcasting
  3731 | Sewer    | Learned a level 5 spell: Iskenderun's Battlesphere
  4238 | Sewer    | Reached XP level 6. HP: 20/41 MP: 4/13
  4626 | D:3      | Noticed Grinder
  4630 | D:3      | Paralysed by Grinder for 6 turns
  4643 | D:3      | Killed Grinder
  4643 | D:3      | Reached skill level 5 in Conjurations
  4747 | D:3      | Reached XP level 7. HP: 40/46 MP: 10/14
  4882 | D:3      | Learned a level 3 spell: Conjure Flame
  5239 | D:4      | Noticed Blork the orc
  5407 | D:4      | Found a staircase to the Ecumenical Temple.
  5409 | D:4      | Found a basalt altar of Yredelemnul.
  5414 | D:4      | Found a glowing golden altar of the Shining One.
  5423 | Temple   | Entered the Ecumenical Temple
  6107 | D:4      | Found Jiluq's General Store.
  6196 | D:5      | Entered Level 5 of the Dungeon
  6271 | D:5      | Got a glittering glass ring
  6272 | D:5      | Identified the ring of Uskayaw's Reproof {rN+ Int+6 Stlth-} (You found it on level 5 of the Dungeon)
  6363 | D:5      | Learned a level 2 spell: Blink
  6522 | D:5      | Found a sand-covered staircase.
  6535 | Ossuary  | Entered an ossuary
  6832 | Ossuary  | Reached XP level 8. HP: 47/52 MP: 8/18
  7246 | D:5      | Found a radiant altar of Vehumet.
  7254 | D:5      | Became a worshipper of Vehumet
  7460 | D:5      | Learned a level 3 spell: Mephitic Cloud
  7598 | D:5      | Found a shimmering altar of Xom.
  7600 | D:5      | Found a sparkling altar of Nemelex Xobeh.
  7600 | D:5      | Found a blossoming altar of Fedhas.
  7602 | D:5      | Found a white marble altar of Elyvilon.
  7602 | D:5      | Found an ancient bone altar of Kikubaaqudgha.
  7602 | D:5      | Found a shattered altar of Ashenzari.
  8524 | D:6      | Noticed Salmoras's ghost (novice DsWn)
  9217 | D:6      | Reached XP level 9. HP: 33/57 MP: 21/22
  9552 | D:6      | Reached * piety under Vehumet
  9552 | D:6      | Offered knowledge of Shock by Vehumet.
  9616 | D:6      | Found a stormy altar of Qazlal.
  9917 | D:6      | Reached skill level 10 in Spellcasting
 10043 | D:4      | Noticed an angel
 10051 | D:4      | Noticed a profane servitor
 10202 | D:4      | Killed Blork the orc
 10248 | D:2      | Killed Sigmund
 10466 | D:2      | Found a runed door.
 10498 | D:2      | Noticed Crazy Yiuf
 10502 | D:2      | Killed Crazy Yiuf
 10852 | D:6      | Killed Salmoras's ghost
 11166 | D:7      | Found a shattered altar of Ashenzari.
 11474 | D:7      | Found a glowing silver altar of Zin.
 11474 | D:7      | Found a snail-covered altar of Cheibriados.
 11992 | D:8      | Offered knowledge of Sandblast by Vehumet.
 11997 | D:8      | Reached ** piety under Vehumet
 12490 | D:8      | Reached XP level 10. HP: 45/63 MP: 24/24
 12535 | D:8      | Found a deep blue altar of Sif Muna.
 12621 | D:9      | Noticed McKennaii's ghost (novice DEFE)
 12633 | D:9      | Killed McKennaii's ghost
 12974 | D:9      | Offered knowledge of Throw Frost by Vehumet.
 13169 | D:9      | Reached skill level 10 in Conjurations
 13247 | D:9      | Reached *** piety under Vehumet
 13273 | D:9      | Found a roughly hewn altar of Beogh.
 13398 | D:9      | Offered knowledge of Ignite Poison by Vehumet.
 13532 | D:9      | Reached skill level 1 in Evocations
 13896 | D:8      | Reached skill level 5 in Evocations
 14104 | D:9      | Reached XP level 11. HP: 62/68 MP: 25/25
 14149 | D:9      | Found a staircase to the Lair.
 14206 | D:9      | Reached **** piety under Vehumet
 14249 | D:9      | Found Cojes's Assorted Antiques.
 14259 | D:9      | Bought a pair of embroidered boots for 241 gold pieces
 14270 | D:9      | Identified a +2 pair of boots of running (You bought it in a shop on level 9 of the Dungeon)
 14552 | D:9      | Offered knowledge of Irradiate by Vehumet.
 14559 | D:9      | Learned a level 5 spell: Irradiate
 14682 | Lair:1   | Entered Level 1 of the Lair of Beasts
 14948 | Lair:1   | Noticed Nergalle
 15212 | Lair:1   | Killed Nergalle
 15551 | Lair:1   | Identified the cursed +1 ring mail "Huel" {*Corrode Str+4 SInv} (You found it on level 1 of the Lair of Beasts)
 16071 | Lair:1   | Noticed Fannar
 16078 | Lair:1   | Killed Fannar
 16164 | Lair:2   | Noticed a five-headed hydra
 16173 | Lair:2   | Killed a five-headed hydra
 16265 | Lair:2   | Reached skill level 10 in Evocations
 16375 | Lair:2   | Found a dark tunnel.
 16382 | Volcano  | Entered a volcano
 16431 | Volcano  | Reached skill level 1 in Fighting
 16433 | Volcano  | Noticed a hell hog
 16440 | Volcano  | Reached XP level 12. HP: 29/78 MP: 12/26
 17049 | Lair:2   | Reached ***** piety under Vehumet
 17049 | Lair:2   | Offered knowledge of Bolt of Fire by Vehumet.
 17054 | Lair:2   | Noticed an eight-headed hydra
 17062 | Lair:2   | Killed an eight-headed hydra
 17062 | Lair:2   | Reached skill level 5 in Fighting
 17275 | Lair:2   | Identified the +6 ring mail of the Echidna {rF++ Regen+ Str-3 Slay-3} (You found it on level 2 of the Lair of Beasts)
 17346 | Lair:2   | Found a staircase to the Snake Pit.
 17635 | Lair:3   | Found a staircase to the Shoals.
 19627 | Lair:5   | Reached skill level 10 in Fighting
 20048 | Lair:5   | Found a staircase to the Slime Pits.
 20262 | Lair:5   | Gained mutation: You are in touch with the powers of death. [Mummy growth]
 20262 | Lair:5   | Reached XP level 13. HP: 103/103 MP: 19/27
 20798 | Lair:6   | Entered Level 6 of the Lair of Beasts
 20821 | Lair:6   | Reached skill level 5 in Dodging
 21347 | Lair:6   | Offered knowledge of Olgreb's Toxic Radiance by Vehumet.
 22788 | Lair:6   | Noticed Josephine
 22797 | Lair:6   | Killed Josephine
 23860 | Lair:6   | Noticed a dire elephant
 23877 | Lair:6   | Killed a dire elephant
 24031 | Lair:6   | Noticed a dire elephant
 24031 | Lair:6   | Noticed a dire elephant
 24054 | Lair:6   | Noticed a dire elephant
 24483 | D:10     | Entered Level 10 of the Dungeon
 24784 | D:10     | Identified the +1 leather armour of Kicwyg {rF+ Dex+2 SInv} (You found it on level 10 of the Dungeon)
 24828 | D:10     | Found a staircase to the Orcish Mines.
 25343 | Orc:1    | Entered Level 1 of the Orcish Mines
 25962 | Orc:2    | Entered Level 2 of the Orcish Mines
 25964 | Orc:2    | Noticed Sonja
 25966 | Orc:2    | Killed Sonja
 25966 | Orc:2    | Reached skill level 10 in Dodging
 25969 | Orc:2    | Reached XP level 14. HP: 110/110 MP: 28/28
 26021 | Orc:2    | Noticed Donald
 26042 | Orc:2    | Killed Donald
 26499 | Orc:2    | Found a staircase to the Elven Halls.
 26551 | Orc:2    | Noticed Maurice
 26555 | Orc:2    | Killed Maurice
 26652 | Orc:2    | Found Romonops's Book Emporium.
 27822 | Orc:2    | Offered knowledge of Conjure Ball Lightning by Vehumet.
 27948 | Orc:2    | Found Deromp's Food Shoppe.
 27948 | Orc:2    | Found Vavun's Antique Weapon Shoppe.
 27949 | Orc:2    | Found Ovion's Food Boutique.
 27949 | Orc:2    | Found Gulirch's Antique Weapon Boutique.
 28323 | Elf:1    | Entered Level 1 of the Elven Halls
 29124 | Orc:2    | Bought a manual of Conjurations for 1656 gold pieces
 29343 | D:11     | Found a white marble altar of Elyvilon.
 29838 | D:12     | Noticed Snorg
 29860 | D:11     | Killed Snorg
 30582 | D:12     | Found a large runed door.
 30582 | D:12     | Found a large runed door.
 31643 | D:13     | Reached ****** piety under Vehumet
 32047 | D:13     | Found a gate to the Vaults.
 32250 | D:13     | Offered knowledge of Iron Shot by Vehumet.
 32258 | D:13     | Learned a level 6 spell: Iron Shot
 32632 | D:13     | Reached XP level 15. HP: 99/115 MP: 28/31
 33748 | D:14     | Noticed Agnes
 33761 | D:14     | Killed Agnes
 35655 | D:13     | Reached skill level 15 in Conjurations
 36479 | D:15     | Entered Level 15 of the Dungeon
 36568 | D:15     | Found a labyrinth entrance.
 36573 | Lab      | Entered a labyrinth
 38349 | Lab      | Got a flickering crystal amulet
 38360 | Lab      | Got an ichor-stained dagger
 38360 | Lab      | Got an ichor-stained trident
 38360 | Lab      | Got a jewelled broad axe
 38360 | Lab      | Got a translucent flail
 38360 | Lab      | Got a warped flail
 38420 | D:15     | Identified the +6 flail "Killer Bee's Foe" {venom, Str+4} (You found it in a labyrinth)
 38421 | D:15     | Identified the amulet "Relorch" {Inacc rF+ rC+ rN+ SInv} (You found it in a labyrinth)
 38422 | D:15     | Identified the +9 broad axe "Orb Guardian's Death" {speed, Str+5} (You found it in a labyrinth)
 38423 | D:15     | Identified the cursed +0 trident of the Pit {pierce, Int+4 Dex+2} (You found it in a labyrinth)
 38451 | D:15     | Noticed Louise
 38467 | D:15     | Killed Louise
 39602 | D:15     | Offered knowledge of Freezing Cloud by Vehumet.
 39963 | D:15     | Found a staircase to the Depths.
 40982 | Elf:1    | Found Tiloke's Magic Scroll Shop.
 41129 | Elf:1    | Reached XP level 16. HP: 111/122 MP: 26/34
 42831 | Elf:1    | Reached skill level 15 in Spellcasting
 43979 | Elf:1    | Identified the Almanac of Combat Magic and Calling
 43991 | Elf:1    | Found Potutah's Antique Weapon Emporium.
 44208 | Elf:1    | HP: 5/122 [deep elf knight/arrow (3)]
 44209 | Elf:1    | Shot with an arrow by a deep elf knight

Skill      XL: |  1  2  3  4  5  6  7  8  9 10 11 12 13 14 15 16 |
---------------+-------------------------------------------------+-----
Spellcasting   | 3 4 5 6 9 10 12 14 15 | 15.8
Conjurations   | 4 5 6 8 10 13 15 | 15.0
Evocations     | 5 10 | 10.0
Dodging        | 2 3 10 | 10.3
Fighting       | 2 10 | 10.1
Stealth        | |  1.5

Action                   |  1- 3 |  4- 6 |  7- 9 | 10-12 | 13-15 | 16-18 || total
-------------------------+-------+-------+-------+-------+-------+-------++-------
Melee: Unarmed           |    10 |     6 |       |       |       |       ||    16
       Dagger            |       |    56 |    17 |     2 |       |       ||    75
       Quarterstaff      |       |       |       |    19 |   115 |       ||   134
       Staff             |       |       |       |       |    31 |     9 ||    40
Throw: Throwing net      |       |       |       |       |     1 |       ||     1
 Cast: Magic Dart        |    52 |    63 |    72 |   170 |   297 |    11 ||   665
       Searing Ray       |    11 |    41 |   113 |   134 |   186 |     2 ||   487
       Iskenderun's Myst |       |       |    42 |    65 |   185 |    52 ||   344
       Iskenderun's Batt |       |       |       |    43 |   103 |     3 ||   149
       Conjure Flame     |       |       |       |    28 |    48 |     7 ||    83
       Blink             |       |       |       |     7 |    13 |       ||    20
       Mephitic Cloud    |       |       |       |     4 |    23 |     6 ||    33
       Irradiate         |       |       |       |     4 |     3 |       ||     7
       Iron Shot         |       |       |       |       |   155 |    71 ||   226
Evoke: Wand              |       |       |       |     1 |    85 |     4 ||    90
       Box of beasts     |       |       |       |       |     1 |       ||     1
  Use: Scroll            |       |     7 |     9 |     8 |    11 |     1 ||    36
 Stab: Sleeping          |       |       |     1 |     1 |       |       ||     2
Armor: Robe              |     8 |    25 |    52 |    66 |   115 |     3 ||   269
Dodge: Dodged            |    35 |    89 |   101 |   126 |   309 |    34 ||   694
